 Dungeon Crawl Stone Soup version 0.29-a0-194-g6e3aafee17 (webtiles) character file.

Game seed: 3641629262179606644

1854 drugrobin the Spear-Bearer (level 8, -10/60 HPs)
             Began as a Demigod Warper on Feb 22, 2022.
             Mangled by Harold
             ... wielding a +0 halberd
              (23 damage)
             ... on level 7 of the Dungeon.
             The game lasted 00:21:57 (10825 turns).

drugrobin the Spear-Bearer (Demigod Warper)        Turns: 10825, Time: 00:21:57

Health: -10/60     AC:  6    Str: 20    XL:     8   Next: 58%
Magic:  11/13      EV: 11    Int: 15    God:
Gold:   140        SH:  0    Dex: 13    Spells: 2/10 levels left

rFire   . . .      SeeInvis +   b - +9 hunting sling of Nemelex Xobeh's Scorn {venom, SInv}
rCold   . . .      Faith    .   (no shield)
rNeg    . . .      Spirit   .   t - +0 leather armour
rPois   +          Reflect  .   G - +0 helmet of Cagynem {rPois}
rElec   .          Harm     .   u - +0 cloak
rCorr   .          Rampage  .   n - +0 pair of gloves
Will    .....                   (no boots)
Stlth   ++........              (no amulet)
HPRegen 0.20/turn               E - ring of wizardry
MPRegen 0.13/turn               m - ring of see invisible

@: no status effects
A: high MP 1, forlorn, divine attributes
a: no special abilities


You were on level 7 of the Dungeon.
You visited 1 branch of the dungeon, and saw 7 of its levels.

You collected 415 gold pieces.
You spent 275 gold pieces at shops.

Inventory:

Hand Weapons
 a - a +3 spear
 b - the +9 hunting sling of Nemelex Xobeh's Scorn (weapon) {venom, SInv}
   (You found it on level 6 of the Dungeon)

   Any ammunition fired from it poisons the flesh of those it strikes.
   SInv:      It lets you see invisible.
Missiles
 d - 3 boomerangs of dispersal
 l - 127 stones (quivered)
 s - 9 javelins
 y - 5 poisoned darts
 H - a throwing net
 J - a boomerang
Armour
 n - a +0 pair of gloves (worn)
 t - a +0 leather armour (worn)
 u - a +0 cloak (worn)
 G - the +0 helmet of Cagynem (worn) {rPois}
   (You bought it in a shop on level 3 of the Dungeon)

   rPois:     It protects you from poison.
Jewellery
 j - a ring of resist corrosion
 m - a ring of see invisible (right hand)
 z - a ring of fire
 E - a ring of wizardry (left hand)
 I - a +6 ring of strength
 L - an amulet of the acrobat
Wands
 N - a wand of iceblast (6)
Scrolls
 c - a scroll of blinking
 e - a scroll of vulnerability {unknown}
 f - a scroll of summoning {unknown}
 g - 3 scrolls of fog {unknown}
 i - a scroll of holy word {unknown}
 p - a scroll of fear {unknown}
 q - 4 scrolls of identify {unknown}
 v - 4 scrolls of teleportation {unknown}
 x - 3 scrolls of noise {unknown}
 C - 2 scrolls of enchant weapon {unknown}
 D - a scroll of silence {unknown}
 F - a scroll of immolation {unknown}
 M - a scroll of torment {unknown}
Potions
 h - 2 potions of might
 k - a potion of flight {unknown}
 o - a potion of heal wounds {unknown}
 r - a potion of brilliance {unknown}
 w - a potion of resistance {unknown}
 A - a potion of magic {unknown}
 B - 2 potions of attraction {unknown}


   Skills:
 - Level 1.7 Fighting
 * Level 10.0 Polearms
 + Level 1.8(2.0) Slings
 - Level 0.8(1.4) Throwing
 - Level 0.8 Armour
 - Level 1.7 Dodging
 - Level 3.1 Stealth
 - Level 1.7 Spellcasting
 - Level 2.9 Translocations


You had 2 spell levels left.
You knew the following spells:

 Your Spells              Type           Power      Damage    Failure   Level
a - Blink                 Tloc           20%        N/A       4%          2
b - Teleport Other        Tloc           10%        N/A       10%         3
c - Gell's Gravitas       Tloc           10%        N/A       10%         3

Your spell library contained the following spells:

 Spells                   Type           Power      Damage    Failure   Level
 Lesser Beckoning         Tloc           10%        N/A       10%         3
 Manifold Assault         Tloc           10%        N/A       63%         5


Dungeon Overview and Level Annotations

Branches:
Dungeon (7/15)             Temple (0/1) D:4

Shops:
D:1 [   D:2 ?   D:3 [

Portals:
Bailey: D:7

Annotations:
D:2 Grinder
D:7 Harold


Innate Abilities, Weirdness & Mutations

You have an increased reservoir of magic. (+10% MP)
You shall have no god before yourself.
Your divine heritage dramatically boosts your attributes as you level up.


Message History

Confirm with . or Enter, or press ? or * to list all spells.
You are still too unstable to blink.
Unknown command.
Fire: b) +9 hunting sling of Nemelex Xobeh's Scorn {venom, SInv}
Press: ? - help, Shift-Dir - straight line, f/p - Harold
Aim: Harold, wielding a +0 halberd, wearing a +0 scale mail and quivering a throwing net (lightly wounded, very poisoned)
You shoot a sling bullet.
The sling bullet hits Harold but does no damage.
Harold is lightly wounded.
Harold hits you with a +0 halberd!
Unknown command.
Unknown command.
Fire: b) +9 hunting sling of Nemelex Xobeh's Scorn {venom, SInv}
Press: ? - help, Shift-Dir - straight line, f/p - Harold
Aim: Harold, wielding a +0 halberd, wearing a +0 scale mail and quivering a throwing net (lightly wounded, very poisoned)
You shoot a sling bullet. The sling bullet hits Harold!
Harold looks as sick as possible!
Harold is lightly wounded.
Harold hits you with a +0 halberd!
Unknown command.
Unknown command.
Casting: Blink (safe; 4% risk of failure)
Confirm with . or Enter, or press ? or * to list all spells.
You don't know that spell.
Harold hits you from afar with a +0 halberd!
* * * LOW HITPOINT WARNING * * *
Unknown command.
Unknown command.
Unknown command.
Okay, then.
Unknown command.
Fire: b) +9 hunting sling of Nemelex Xobeh's Scorn {venom, SInv}
Press: ? - help, Shift-Dir - straight line, f/p - Harold
Aim: Harold, wielding a +0 halberd, wearing a +0 scale mail and quivering a throwing net (moderately wounded, extremely poisoned)
You shoot a sling bullet. The sling bullet hits Harold.
Harold looks as sick as possible!
Harold is moderately wounded.
You feel stable enough to blink again.
Harold hits you from afar with a +0 halberd!!
You die...

.....####......####...........#
...............# #...........#
.....####.....## #..........# #
.....# #(....# #..........# ##
.....# ##...## #..........# #.
.....# #..)# ##.........###.
.....# ##..##### ###........##.
.....# ###......## ##....##....
..#### #.....@.@.# ####.####..
## ............# ### ##.
.............# ##
................# #
.$...............#
................
..............##
..............# # #


You could see Harold (extremely poisoned).

Vanquished Creatures
  Eustachio (D:5)
  A yak (D:4)
  A sky beast (D:5)
  A black bear (D:3)
  2 ogres
  A centaur (D:7)
  2 scorpions
  A water moccasin skeleton (D:6)
  A water moccasin zombie (D:7)
  6 hounds
  4 jellies
  3 orc priests
  2 bullfrog skeletons
  3 iguanas
  3 orc wizards
  7 gnolls
  10 adders
  A white imp (D:5)
  2 worms
  A dart slug (D:2)
  13 orcs
  4 endoplasms
  3 giant cockroaches
  A goblin (D:4)
  4 hobgoblins
  8 jackals
  8 ball pythons
  5 bats
  A frilled lizard (D:2)
  6 kobolds
  5 rats
111 creatures vanquished.

Notes
Turn   | Place    | Note
-------+----------+-------------------------------------------
     0 | D:1      | drugrobin the Demigod Warper began the quest for the Orb.
     0 | D:1      | Reached XP level 1. HP: 17/17 MP: 5/5
   114 | D:1      | Reached skill level 2 in Polearms
   685 | D:1      | Found Suwijose's Antique Armour Shoppe.
  1128 | D:1      | Reached XP level 2. HP: 16/24 MP: 7/7
  1335 | D:2      | Learned a level 2 spell: Blink
  1463 | D:2      | Reached skill level 3 in Polearms
  1531 | D:2      | Reached XP level 3. HP: 23/29 MP: 8/8
  1546 | D:2      | Learned a level 3 spell: Teleport Other
  2107 | D:2      | Found Orghil's Magic Scroll Emporium.
  2507 | D:2      | Reached skill level 4 in Polearms
  2691 | D:3      | Noticed Grinder
  2697 | D:3      | Paralysed by Grinder for 7 turns
  3338 | D:3      | Found Hegoutwe's Antique Armour Shop.
  3354 | D:3      | Reached XP level 4. HP: 34/36 MP: 9/9
  3615 | D:4      | Noticed an ogre
  3660 | D:3      | Killed an ogre
  3661 | D:3      | Reached skill level 5 in Polearms
  3661 | D:3      | Reached XP level 5. HP: 35/41 MP: 5/10
  3762 | D:4      | Noticed a yak
  4148 | D:4      | Noticed an ogre
  4803 | D:4      | Noticed a yak
  4805 | D:4      | Noticed a yak
  4807 | D:4      | Noticed a yak
  5885 | D:4      | Reached skill level 6 in Polearms
  5920 | D:4      | Reached XP level 6. HP: 48/48 MP: 11/11
  6073 | D:4      | Reached skill level 1 in Stealth
  6366 | D:4      | Found a staircase to the Ecumenical Temple.
  6401 | D:4      | Killed a yak
  6402 | D:4      | Reached skill level 7 in Polearms
  6402 | D:4      | Reached XP level 7. HP: 49/53 MP: 12/12
  6860 | D:3      | Bought a bloodstained helmet for 275 gold pieces
  6860 | D:3      | Identified the +0 helmet of Cagynem {rPois} (You bought it
                  | in a shop on level 3 of the Dungeon)
  6885 | D:5      | Entered Level 5 of the Dungeon
  6931 | D:5      | Learned a level 3 spell: Gell's Gravitas
  8120 | D:5      | Reached skill level 8 in Polearms
  8937 | D:6      | Noticed Eustachio
  9012 | D:5      | Reached XP level 8. HP: 37/60 MP: 9/13
  9669 | D:5      | Killed Eustachio
  9670 | D:5      | Reached skill level 9 in Polearms
 10217 | D:6      | Identified the +9 hunting sling of Nemelex Xobeh's Scorn
                  | {venom, SInv}
 10608 | D:7      | Reached skill level 1 in Slings
 10717 | D:7      | Found a flagged portal.
 10743 | D:7      | Reached skill level 10 in Polearms
 10818 | D:7      | Noticed Harold
 10825 | D:7      | Mangled by Harold

Illustrated notes

Levels and vault maps discovered:
D:1:      saegor_arrival_simple_c, layout_basic, serial_shops, shop
D:2:      layout_basic, serial_shops, shop
D:3:      layout_basic, amcnicky_altar_gilded, serial_shops,
          nicolae_shop_hallway_stairs, uniq_grinder
D:4:      layout_loops_ring, minmay_temple_entry_purple_smoke,
          grunt_decor_arrowhead, kennysheep_potato
D:5:      nicolae_cairo_tiling_large, layout_loops_ring,
          minmay_overflow_temple_star_quad
D:6:      layout_basic, mainiacjoe_overflow_small_starburst, uniq_eustachio
D:7:      layout_cave_pods, mainiacjoe_overflow_catwalk, enter_bailey_1,
          uniq_harold

Skill      XL: |  1  2  3  4  5  6  7  8 |
---------------+-------------------------+-----
Polearms       | 2 3 4 5 6 7 8 10 | 10.0
Stealth        | 2 3 |  3.1
Slings         | 1 |  1.8
Fighting       | |  1.7
Throwing       | |  0.8
Armour         | |  0.8
Dodging        | |  1.7
Spellcasting   | |  1.7
Translocations | |  2.9

Action                   |  1- 3 |  4- 6 |  7- 9 || total
-------------------------+-------+-------+-------++-------
Melee: Spear             |   134 |   105 |   295 ||   534
       Punch             |     1 |     2 |     5 ||     8
 Fire: Hunting sling     |     1 |    40 |    25 ||    66
       Arbalest          |       |       |     4 ||     4
Throw: Stone             |    14 |     1 |       ||    15
       Dart              |       |    19 |     9 ||    28
       Javelin           |       |     4 |       ||     4
       Boomerang         |       |     2 |       ||     2
 Cast: Blink             |     1 |    23 |    10 ||    34
       Teleport Other    |       |     1 |     6 ||     7
       Gell's Gravitas   |       |       |     1 ||     1
 Stab: Sleeping          |     1 |       |       ||     1
Armor: Leather armour    |    30 |    26 |    60 ||   116
Dodge: Dodged            |    73 |    53 |   130 ||   256

Table legend: (Time is in decaauts)
 A = Elapsed time spent in this place.
 B = Non-inter-level travel time spent in this place.
 C = Inter-level travel time spent in this place.
 D = Time resting spent in this place.
 E = Time spent auto-exploring this place.
 F = Levels seen in this place.
 G = Mean time per level.
                   A        B        C        D        E       F      G
               +--------+--------+--------+--------+--------+-----+--------+
         Total |  10743 |  10417 |    326 |   3040 |   5143 |   7 | 1534.7 |
       Dungeon |  10743 |  10417 |    326 |   3040 |   5143 |   7 | 1534.7 |
               +--------+--------+--------+--------+--------+-----+--------+

Top non-repeatable levels by time:
     D:3: 2512 daAuts
     D:5: 2136 daAuts
     D:4: 1816 daAuts
     D:2: 1543 daAuts
     D:1: 1307 daAuts
     D:6: 1005 daAuts
     D:7: 421 daAuts
